 Dungeon Crawl Stone Soup version 0.01-2115-ge649c80b0b (webtiles) character file.

Game seed: 8122445295298132903, levelgen mode: deterministic

44 Lanoc the Skirmisher (level 3, 0/31 HPs) Immature Draconian Demonspawn. Began on June 6, 2020. Slain by a bullfrog (7 damage) ... on level 2 of the Dungeon. The game lasted 00:02:18 (1088 turns).

Lanoc the Skirmisher (DrDs)                         Turns: 1088, Time: 00:02:18

Health: 0/31       AC:  6    Str: 16    XL:     3 ^: 33
Magic:  3/7        EV:  9    Int: 12    God:
Gold:   35         SH:  7    Dex: 11    Spells: 6/7 levels left

rFire    . . .     Vision   .   a - +0 long sword
rCold    . . .     Gourm    .   b - +0 targe
rNeg     . . .     Faith    .   (armour unavailable)
rPois    .         Spirit   .   (helmet restricted)
rElec    .         Reflect  .   (no cloak)
rCorr    .         Harm     .   (no gloves)
MR       .....                  (no boots)
Stlth    +.........             (no amulet)
HPRegen  0.20/turn              (no ring)
MPRegen  0.17/turn              (no ring)

@: very slightly contaminated
A: no body armour, unfitting armour, hooves 1, powered by death 1, cold-blooded,
AC +6
a: Breathe Dart


You were on level 2 of the Dungeon.
You were hungry.

You visited 1 branch of the dungeon, and saw 2 of its levels.

You collected 35 gold pieces.

Inventory:

Weapons
 a - a +0 long sword (weapon) Shields
 b - a +0 targe (weapon)
Scrolls
 d - a scroll of enchantment
 e - a scroll of fear
 g - a scroll of magic mapping
 i - a scroll of teleportation
 j - a scroll of amnesia
Potions
 f - a potion of might
 h - a potion of brilliance
 k - a potion of heal wounds
Comestibles
 c - 3 rations


   Skills:
 + Level 3.5 Fighting
 - Level 1.5 Long Blades
 + Level 3.0 Dodging
 - Level 1.3 Stealth
 - Level 2.6 Spellcasting
   Level 3.0 Invocations


You had 6 spell levels left.
You knew the following spells:

 Your Spells              Type           Power        Failure   Level  Hunger
a - Flame Tongue          Fire           1 (40)       94%         1    #......

Your spell library contained the following spells:

 Spells                   Type           Power        Failure   Level  Hunger
 Blink                    Tloc           N/A          98%         2    ###....
 Call Imp                 Summ           1 (100)      98%         2    ###....
 Slow                     Hex            1 (100)      98%         2    ###....
 Conjure Flame            Fire           1 (100)      100%        3    ###....
 Mephitic Cloud           Pois/Air       1 (100)      100%        3    ###....


Dungeon Overview and Level Annotations

Branches:
Dungeon (2/8)

Altars:


Innate Abilities, Weirdness & Mutations

You cannot fit into any form of body armour.
Your plain brown scales are hard. (AC +6)
You can breathe rudimentary magical darts.
You have large cloven feet.
You regenerate a little health from kills.
You are cold-blooded and may be slowed by cold attacks.


Message History

Casting: Flame Tongue (safe; 94% risk of failure)
Confirm with . or Enter, or press ? or * to list all spells.
Aiming: Flame Tongue (safe; 94% risk of failure)
Press: ? - help, Shift-Dir - straight line, f/p - bullfrog
Aim: a bullfrog (severely wounded (5/23))
You miscast Flame Tongue.
Heat runs through your body.
The bullfrog hits you but does no damage.
You block the kobold's attack.
Unknown command.
Casting: Flame Tongue (safe; 94% risk of failure)
Confirm with . or Enter, or press ? or * to list all spells.
Aiming: Flame Tongue (safe; 94% risk of failure)
Press: ? - help, Shift-Dir - straight line, f/p - bullfrog
Aim: a bullfrog (severely wounded (5/23))
You miscast Flame Tongue.
You hear a sizzling sound.
The bullfrog hits you (1).
* * * LOW HITPOINT WARNING * * *
The bullfrog hits you (7)!
You die...

####### ..######
.......# #.≈≈≈≈.#
##### #.≈≈≈≈..
##≈.K###
.≈≈≈≈≈≈#####≈≈.F@≈#
..≈≈.K.#≈##..K##..##
...K.≈rK####..≈#..≈#
#.≈≈≈≈.#.##...##..##
#≈K≈≈.≈#..#K.##≈.##
.K≈≈r≈.##..≈####†.#
K.≈≈≈r.##≈≈≈# #≈≈##
r.≈≈≈≈≈##########..#
..≈≈r≈.# #≈≈#≈≈##


You could see a big kobold, a bullfrog and a kobold.

Vanquished Creatures
  A gnoll (D:1)
  An ooze (D:1)
  A dart slug (D:1)
  A leopard gecko (D:1)
  A giant cockroach (D:1)
  8 goblins (D:1)
  3 hobgoblins (D:1)
  2 ball pythons
  A bat (D:1)
  5 kobolds (D:1)
  2 rats (D:1)
26 creatures vanquished.

Notes
Turn   | Place    | Note
-------+----------+-------------------------------------------
     0 | D:1      | Lanoc the Immature Draconian Demonspawn began the quest for
                  | the Orb.
     0 | D:1      | Reached XP level 1. HP: 18/18 MP: 4/4
    99 | D:1      | Gained mutation: You have large cloven feet. [demonic
                  | ancestry]
    99 | D:1      | Reached XP level 2. HP: 8/25 MP: 5/5
   698 | D:1      | Gained mutation: You regenerate a little health from kills.
                  | [demonic ancestry]
   698 | D:1      | Reached XP level 3. HP: 29/31 MP: 7/7
  1072 | D:2      | Noticed a big kobold
  1072 | D:2      | Noticed a bullfrog
  1088 | D:2      | Slain by a bullfrog

Levels and vault maps discovered:
D:1:      wheals_arrival_linesprint, layout_loops_corners,
          kennysheep_generic_room_2
D:2:      minmay_alternating_diamond, layout_sewer, fedhas_altar_4,
          old_standard_altar, lemuel_coloured_pillars_altar, serial_park_tiny_1,
          minmay_misc_feat_four_crosses

Skill      XL: |  1  2  3 |
---------------+----------+-----
Fighting       | 3 |  3.5
Dodging        | 3 |  3.0
Long Blades    | |  1.5
Stealth        | |  1.3
Spellcasting   | |  2.6
Invocations    | |  3.0

Action                   || total
-------------------------++-------
Melee: Long sword        ||    23
       Targe             ||    14
       Kick              ||     2
       Tailslap          ||     1
 Fire: Hunting sling     ||    82
 Cast: Flame Tongue      ||     1
 Abil: Breathe Dart      ||     2
Armor: Skin              ||    22
Dodge: Dodged            ||    73
Block: Targe             ||    12
       Rpst.: Targe      ||     2
       Long sword        ||     2
